 Dungeon Crawl Stone Soup version 0.27-a0-249-g74f53ef629 (webtiles) character file.

Game seed: 1128999575401206326

1075 scarywalker64 the Digger (level 8, -1/48 HPs)
             Began as a Gargoyle Earth Elementalist on Feb 3, 2021.
             Splashed by a jelly's acid (5 damage)
             ... on level 6 of the Dungeon.
             The game lasted 00:13:13 (6903 turns).

scarywalker64 the Digger (GrEE)                     Turns: 6903, Time: 00:13:15

Health: -1/48      AC: -4    Str: 15    XL:     8   Next: 29%
Magic:  14/14      EV: 13    Int: 15    God:
Gold:   304        SH:  0    Dex: 10    Spells: 12/15 levels left

rFire    . . .     SeeInvis .   q - +3 mace (vorpal)
rCold    . . .     Faith    .   (no shield)
rNeg     + . .     Spirit   .   w - +0 robe (curse)
rPois    ∞         Reflect  .   (no helmet)
rElec    +         Harm     .   h - +1 cloak
rCorr    .         Rampage  .   t - +0 pair of gloves
Will     .....                  (no boots)
Stlth    ++........             (no amulet)
HPRegen  0.16/turn              (no ring)
MPRegen  0.14/turn              (no ring)

@: corroded
A: negative energy resistance 1, electricity resistance, unbreathing,
petrification resistance, miasma immunity, AC +5
a: no special abilities


You were on level 6 of the Dungeon.
You visited 1 branch of the dungeon, and saw 6 of its levels.

You collected 304 gold pieces.

Inventory:

Hand Weapons
 q - a +3 vorpal mace (weapon)
 v - a +1 spear of flaming
Missiles
 a - 31 bolts
 b - 122 stones
 i - 71 arrows
 k - 12 poisoned darts
 n - 64 sling bullets
Armour
 f - a +0 scale mail
 h - a +1 cloak (worn)
 t - a +0 pair of gloves (worn)
 w - a cursed +0 robe (worn)
Scrolls
 e - 3 scrolls of noise
 l - a scroll of enchant armour
 m - 2 scrolls of teleportation
 u - 2 scrolls of fear
 x - a scroll of identify
Potions
 c - a potion of brilliance
 d - 4 potions of curing
 g - 2 potions of cancellation
 j - 3 potions of heal wounds
 o - a potion of mutation
 p - 3 potions of haste
 r - a potion of berserk rage
 s - 2 potions of invisibility


   Skills:
 * Level 4.7 Fighting
 - Level 4.0 Maces & Flails
 + Level 0.3 Polearms
 + Level 3.3 Armour
 + Level 3.2 Dodging
 + Level 2.8 Stealth
 * Level 4.0 Spellcasting
 + Level 0.8 Transmutations
 * Level 5.0 Earth Magic


You had 12 spell levels left.
You knew the following spells:

 Your Spells              Type           Power        Failure   Level
a - Sandblast             Erth           36%          2%          1
b - Passwall              Tmut/Erth      9%           9%          2

Your spell library contained the following spells:

 Spells                   Type           Power        Failure   Level
 Stone Arrow              Conj/Erth      20%          19%         3
 Petrify                  Tmut/Erth      11%          47%         4
 Lee's Rapid Deconstruct  Erth           9%           52%         5


Dungeon Overview and Level Annotations

Branches:
Dungeon (6/15)
 Temple: D:4-7

Altars:
Dithmenos
Gozag
Kikubaaqudgha
Qazlal
Vehumet

Annotations:
D:4 3 runed translucent doors, foci's ghost, amateur GrFi


Innate Abilities, Weirdness & Mutations

You are resistant to torment.
Your stone body is resilient. (AC +5)
You are immune to poison.
You resist negative energy. (rN+)
You are resistant to electric shocks. (rElec)
You can survive without breathing.
You are immune to petrification.
You are immune to miasma.


Message History

You hit the jelly. The acid corrodes you!
Your hands burn!
The jelly is moderately wounded.
The jelly completely misses you.
You hit the jelly. The acid corrodes you!
Your hands burn!
The jelly is heavily wounded.
The jelly hits you. The acid corrodes you!
You are splashed with acid!
You hit the jelly but do no damage.
Your hands burn!
The jelly is heavily wounded.
The jelly hits you. The acid corrodes you!
You are splashed with acid!
* * * LOW HITPOINT WARNING * * *
You are too injured to fight recklessly!
You are too injured to fight recklessly!
You are too injured to fight recklessly!
You hit the jelly.
Your hands burn!
* * * LOW HITPOINT WARNING * * *
The jelly is severely wounded.
The jelly hits you.
* * * LOW HITPOINT WARNING * * *
The acid corrodes you!
You are splashed with acid.
You die...

#.......#.##
.....#.......#§.##
....#.......#...# ##
#...#.......#...+ ...
#...#.......#...# ....
#...#.....<§....## .....
...#......§§_§§.#
......###'#......§§§...#
......J@..........#§...#
..................#....#
..................#....#
..................#.....
..................###..#
##############+#.....###
#.....# #.....# #.....#


You could see a jelly.

Vanquished Creatures
  Grinder (D:3)
  A sky beast (D:5)
  A centaur (D:5)
  A bullfrog (D:3)
  3 hounds (D:4)
  An orc priest (D:4)
  Crazy Yiuf (D:3)
  A bullfrog skeleton (D:5)
  2 iguanas (D:4)
  6 orc wizards
  2 worker ants
  A hound skeleton (D:5)
  4 adders
  3 gnolls
  A howler monkey skeleton (D:4)
  2 shadow imps
  An ufetubus (D:6)
  2 oozes
  2 adder skeletons (D:4)
  5 worms
  A dart slug (D:2)
  4 leopard geckos
  15 orcs
  A ball python (D:4)
  3 bats
  2 giant cockroaches
  2 goblins
  6 hobgoblins
  9 jackals (D:3)
  4 quokkas
  3 frilled lizards
  5 kobolds
  2 rats
98 creatures vanquished.

Notes
Turn   | Place    | Note
-------+----------+-------------------------------------------
     0 | D:1      | scarywalker64 the Gargoyle Earth Elementalist began the
                  | quest for the Orb.
     0 | D:1      | Reached XP level 1. HP: 10/10 MP: 3/3
   468 | D:1      | Reached XP level 2. HP: 15/15 MP: 5/5
  1121 | D:2      | Reached skill level 4 in Earth Magic
  1134 | D:2      | Reached skill level 1 in Fighting
  1206 | D:2      | Reached XP level 3. HP: 16/20 MP: 6/6
  2043 | D:2      | Reached skill level 1 in Maces & Flails
  2145 | D:3      | Reached XP level 4. HP: 22/25 MP: 7/7
  2427 | D:3      | Found a stormy altar of Qazlal.
  2682 | D:3      | Noticed a bullfrog
  2691 | D:3      | Killed a bullfrog
  2692 | D:3      | Reached skill level 1 in Armour
  2692 | D:3      | Reached XP level 5. HP: 30/30 MP: 6/8
  2808 | D:3      | Found a runed translucent door.
  2809 | D:3      | Noticed Crazy Yiuf
  3190 | D:3      | Noticed Grinder
  3197 | D:3      | Paralysed by Grinder for 3 turns
  3204 | D:3      | Paralysed by Grinder for 7 turns
  3217 | D:3      | Paralysed by Grinder for 3 turns
  3223 | D:3      | Paralysed by Grinder for 4 turns
  3229 | D:3      | Killed Grinder
  3230 | D:3      | Reached XP level 6. HP: 12/36 MP: 8/10
  3702 | D:4      | Found a runed translucent gate.
  3702 | D:4      | Found a runed translucent gate.
  3707 | D:4      | Found a runed translucent gate.
  3709 | D:4      | Noticed foci's ghost (amateur GrFi)
  3840 | D:4      | Reached XP level 7. HP: 41/41 MP: 10/12
  5206 | D:4      | Found a radiant altar of Vehumet.
  5208 | D:4      | Found an ancient bone altar of Kikubaaqudgha.
  5214 | D:4      | Found an opulent altar of Gozag.
  5492 | D:3      | Killed Crazy Yiuf
  5586 | D:5      | Entered Level 5 of the Dungeon
  5795 | D:5      | Reached XP level 8. HP: 44/48 MP: 13/13
  5798 | D:5      | Learned a level 2 spell: Passwall
  6374 | D:5      | Reached skill level 5 in Earth Magic
  6865 | D:6      | Found a shadowy altar of Dithmenos.
  6903 | D:6      | Splashed by a jelly's acid

Illustrated notes

Levels and vault maps discovered:
D:1:      dpeg_arrival_simpleton_b, layout_basic
D:2:      layout_loops_ring
D:3:      layout_loops_corners, nicolae_overflow_crystal_walls, minivault_11,
          uniq_grinder, uniq_crazy_yiuf_cottage
D:4:      minmay_wonky_spiral, layout_cave_pods, minitemple,
          gammafunk_ghost_necromancy
D:5:      layout_loops_corners
D:6:      layout_gridville, grunt_dithmenos_smoke,
          minmay_temple_entry_proselytizer,
          nicolae_ossuary_entry_false_entrances, basic_altar,
          kennysheep_another_room, kennysheep_generic_room_12

Skill      XL: |  1  2  3  4  5  6  7  8 |
---------------+-------------------------+-----
Earth Magic    | 4 5 |  5.0
Fighting       | 1 2 3 4 |  4.7
Maces & Flails | 1 2 3 4 |  4.0
Armour         | 1 2 3 |  3.3
Dodging        | 2 3 |  3.2
Spellcasting   | 3 4 |  4.0
Polearms       | |  0.3
Stealth        | |  2.8
Transmutations | |  0.8

Action                   |  1- 3 |  4- 6 |  7- 9 || total
-------------------------+-------+-------+-------++-------
Melee: Unarmed           |    13 |       |       ||    13
       Spear             |    14 |       |       ||    14
       Whip              |     4 |       |       ||     4
       Club              |     1 |       |       ||     1
       Mace              |    90 |   107 |   187 ||   384
 Cast: Sandblast         |       |     2 |     5 ||     7
  Use: Scroll            |       |       |    16 ||    16
       Potion            |       |       |     2 ||     2
 Stab: Sleeping          |       |       |     2 ||     2
Armor: Robe              |     8 |       |    80 ||    88
       Scale mail        |    62 |   114 |    19 ||   195
Dodge: Dodged            |    67 |    89 |    98 ||   254

Table legend: (Time is in decaauts)
 A = Elapsed time spent in this place.
 B = Non-inter-level travel time spent in this place.
 C = Inter-level travel time spent in this place.
 D = Time resting spent in this place.
 E = Time spent auto-exploring this place.
 F = Levels seen in this place.
 G = Mean time per level.
                   A        B        C        D        E       F      G
               +--------+--------+--------+--------+--------+-----+--------+
         Total |   7013 |   6755 |    258 |   1300 |   4315 |   6 | 1168.8 |
       Dungeon |   7013 |   6755 |    258 |   1300 |   4315 |   6 | 1168.8 |
               +--------+--------+--------+--------+--------+-----+--------+

Top non-repeatable levels by time:
     D:3: 2042 daAuts
     D:4: 1528 daAuts
     D:5: 1293 daAuts
     D:2: 1117 daAuts
     D:1: 990 daAuts
     D:6: 41 daAuts
